 Dungeon Crawl Stone Soup version 0.29.0-4-gdea44cf6ec (webtiles) character file.

Game seed: 13869485606257066137

56 qw the Chopper (level 3, 0/21 HPs)
             Began as a Tengu Warper on Aug 28, 2022.
             Succumbed to an orc's poison
             ... on level 3 of the Dungeon.
             The game lasted 00:00:11 (2075 turns).

qw the Chopper (Tengu Warper)                       Turns: 2075, Time: 00:00:12

Health: 0/21       AC:  6    Str: 13    XL:     3   Next: 97%
Magic:  7/7        EV:  9    Int: 13    God:
Gold:   16         SH:  5    Dex: 13    Spells: 6/6 levels left

rFire   . . .      SeeInvis .   Y - +6 hand axe (venom)
rCold   . . .      Faith    .   (no shield)
rNeg    + . .      Spirit   .   h - +0 scale mail
rPois   .          Reflect  +   (helmet restricted)
rElec   .          Harm     .   (no cloak)
rCorr   .          Rampage  .   (no gloves)
Will    .....                   (boots unavailable)
Stlth   ..........              j - amulet of reflection
HPRegen 0.07/turn               a - ring of positive energy
MPRegen 0.10/turn               (no ring)

@: lethally poisoned (0 -> -5)
A: beak, talons 3
a: no special abilities


You were on level 3 of the Dungeon.
You visited 1 branch of the dungeon, and saw 3 of its levels.

You collected 97 gold pieces.
You spent 81 gold pieces at shops.


Innate Abilities, Weirdness & Mutations

You have a beak for a mouth.
You have claws for feet.


   Skills:
 - Level 2.0 Fighting
 + Level 4.5 Axes
 - Level 1.0 Throwing
 - Level 1.1 Armour
 - Level 2.1 Dodging
 - Level 2.0 Spellcasting
 - Level 2.4 Translocations


You had 6 spell levels left.
You didn't know any spells.
Your spell library contained the following spells:

 Spells                   Type           Power      Damage    Failure   Level
 Blink                    Tloc           14%        N/A       56%         2
 Gell's Gravitas          Tloc           7%         N/A       80%         3
 Lesser Beckoning         Tloc           7%         N/A       80%         3
 Teleport Other           Tloc           7%         N/A       80%         3
 Manifold Assault         Tloc           7%         N/A       100%        5

Inventory:

Hand Weapons
 g - a +0 whip
 Y - a +6 hand axe of venom (weapon)
Armour
 h - a +0 scale mail (worn)
Jewellery
 a - a ring of positive energy (left hand)
 d - a ring of positive energy
 j - an amulet of reflection (around neck)
Scrolls
 c - 2 scrolls of enchant armour
 e - a scroll of identify
 k - a scroll of teleportation
Potions
 b - a potion of heal wounds
 f - a potion of mutation {unknown}
 i - a potion of might {unknown}

Dungeon Overview and Level Annotations

Branches:
Dungeon (3/15)

Altars:

Shops:
D:1 [(*[[   D:2 *?[


Message History

The orc hits you with a +0 short sword.
You hit the orc.
The orc is poisoned.
You punch the orc, but do no damage.
The orc is severely wounded.
The orc hits you but does no damage.
You hit the orc.
You kill the orc!
You closely miss the orc. The orc hits you but does no damage.
You hit the orc but do no damage.
The orc is poisoned.
Your kick misses the orc. You hit the goblin.
You kill the goblin!
You hit the orc.
The orc is poisoned.
You kill the orc!
The orc hits you but does no damage.
You hit the orc.
The orc looks as sick as possible!
The orc is severely wounded.
You closely miss the orc.
You kill the orc!
The orc hits you but does no damage.
You are poisoned.
You hit the orc.
The orc is poisoned.
You claw the orc.
The orc is heavily wounded.
You feel very sick.
The orc hits you with a +0 dagger of venom.
You are lethally poisoned!
You slash the orc!
You kill the orc!
You hit the rat.
The rat is poisoned.
You feel very sick.
You kill the rat!
2071 ||| FLEEEEING.
You feel very sick.
2072 ||| FLEEEEING.
You feel sick.
2073 ||| FLEEEEING.
You feel sick.
2074 ||| FLEEEEING.
You feel sick.
2075 ||| FLEEEEING.
You die...

#........# #### #........#
#... #........# #.##
#........# #.#.
###############..).....# #.#.
..............#........###.#.
............................>
.............%#....#######.#.
............@.#....# #...
########......#....# ###.
..............#....# #.
.......w......###### #.
......).......######### #.
......).......#.......# #.
......).......#......:# #.
..............#.......# #.
..>........####.......# #.


You could see a worm.

Vanquished Creatures
  An adder (D:2)
  2 worms
  A dart slug (D:3)
  4 orcs (D:3)
  3 ball pythons (D:1)
  3 bats
  3 endoplasms (D:1)
  A giant cockroach (D:2)
  A goblin (D:3)
  A hobgoblin (D:1)
  4 kobolds
  2 quokkas
  5 frilled lizards
  5 rats
36 creatures vanquished.

Notes
Turn   | Place    | Note
-------+----------+-------------------------------------------
     0 | D:1      | qw the Tengu Warper began the quest for the Orb.
     0 | D:1      | Reached XP level 1. HP: 12/12 MP: 4/4
     0 | D:1      | 0 ||| qw: Version: 0.1-a-89-g26bdef1
     0 | D:1      | 0 ||| qw: Game counter: 433
     0 | D:1      | 0 ||| qw: Always use a shield: true
     0 | D:1      | 0 ||| qw: God list: Okawaru
     0 | D:1      | 0 ||| qw: Allow faded altars: false
     0 | D:1      | 0 ||| qw: Do Orc after D:15 true
     0 | D:1      | 0 ||| qw: Do second Lair branch before Depths: true
     0 | D:1      | 0 ||| qw: Lair rune preference: random
     0 | D:1      | 0 ||| qw: Plans: Normal
     0 | D:1      | 0 ||| PLANNING D:1-11
    46 | D:1      | Found Potic's Antique Armour Shop.
    56 | D:1      | 56 ||| SHOPLISTING chain mail (112 gold, have 18).
    56 | D:1      | 56 ||| SHOPLISTING glowing scarf (200 gold, have 18).
    56 | D:1      | 56 ||| SHOPLISTING pair of glowing gloves (187 gold, have
                  | 18).
    56 | D:1      | 56 ||| SHOPLISTING ring mail (100 gold, have 18).
    72 | D:1      | Found Gafo's Weapon Shoppe.
    81 | D:1      | 81 ||| SHOPLISTING +0 mace (42 gold, have 30).
   110 | D:1      | 110 ||| SWAPPING to +5 hand axe of venom.
   111 | D:1      | 111 ||| DROPPING +0 hand axe.
   152 | D:1      | Reached XP level 2. HP: 15/17 MP: 6/6
   208 | D:1      | Found Man Ymus's General Store.
   245 | D:1      | Reached skill level 3 in Axes
   264 | D:1      | Found Kuen's Armour Emporium.
   269 | D:1      | 269 ||| SHOPLISTING +0 cloak (63 gold, have 36).
   269 | D:1      | 269 ||| SHOPLISTING +0 plate armour of Valour {Fly Regen+
                  | Str+2} (508 gold, have 36).
   269 | D:1      | 269 ||| SHOPLISTING +2 scale mail of poison resistance (252
                  | gold, have 36).
   269 | D:1      | 269 ||| SHOPLISTING +3 chain mail of cold resistance (371
                  | gold, have 36).
   269 | D:1      | 269 ||| SHOPLISTING +4 chain mail of poison resistance (399
                  | gold, have 36).
   269 | D:1      | 269 ||| SHOPLISTING +5 ring mail "Zejex" {rC+ Int-4 Stlth+}
                  | (523 gold, have 36).
   282 | D:1      | 282 ||| Stepping ~*~*~tactically~*~*~ (stealth).
   544 | D:1      | Found a faded altar of an unknown god.
   663 | D:1      | Found Belunk's Armour Shoppe.
   675 | D:1      | 675 ||| SHOPLISTING potion of heal wounds (65 gold, have
                  | 54).
   675 | D:1      | 675 ||| BUYING scroll of identify (26 gold).
   675 | D:1      | Bought a scroll of identify for 26 gold pieces
   684 | D:1      | 684 ||| SHOPLISTING +0 chain mail (63 gold, have 28).
   684 | D:1      | 684 ||| SHOPLISTING +2 buckler of resistance (581 gold,
                  | have 28).
   684 | D:1      | 684 ||| SHOPLISTING -2 hat of the Alchemist {rElec rPois
                  | rF+ rC+ rN+ Will+ rMut rCorr} (660 gold, have 28).
   712 | D:1      | 712 ||| UPGRADING to +0 scale mail.
   722 | D:1      | 722 ||| DROPPING +0 leather armour.
   723 | D:1      | 723 ||| UPGRADING to ring of positive energy.
   724 | D:1      | 724 ||| READING scroll labelled ZISMIY NIUWYE.
   725 | D:1      | 725 ||| READING scroll labelled WUERAPA SIH ARI.
   726 | D:1      | 726 ||| READING 2 scrolls labelled FYSHRA WAFU.
   729 | D:1      | 729 ||| READING scroll labelled FORIAMMETU.
   730 | D:1      | 730 ||| DRINKING 2 murky orange potions.
   831 | D:1      | 831 ||| READING 4 scrolls of identify.
   831 | D:1      | 831 ||| IDENTIFYING coppery potion
   832 | D:1      | 832 ||| READING 3 scrolls of identify.
   832 | D:1      | 832 ||| IDENTIFYING bubbling ruby potion
   833 | D:1      | 833 ||| DROPPING scroll of blinking.
   834 | D:1      | 834 ||| DROPPING potion of attraction.
   835 | D:1      | 835 ||| DROPPING potion of magic.
   836 | D:1      | 836 ||| DROPPING potion of ambrosia.
   917 | D:2      | Found Kuraress's Armour Shoppe.
   924 | D:2      | 924 ||| SHOPLISTING +0 chain mail (45 gold, have 39).
   924 | D:2      | 924 ||| SHOPLISTING +0 plate armour (230 gold, have 39).
   924 | D:2      | 924 ||| SHOPLISTING +3 ring mail "Bobierph" {+Blink Slay+2
                  | Stlth+} (442 gold, have 39).
   924 | D:2      | 924 ||| SHOPLISTING +3 scale mail of Wu Jian's Reproof {rC+
                  | MP+9} (519 gold, have 39).
   973 | D:2      | Found Ilor's General Store.
   981 | D:2      | 981 ||| BUYING +0 whip (35 gold).
   981 | D:2      | Bought a +0 whip for 35 gold pieces
   981 | D:2      | 981 ||| SHOPLISTING +4 ring mail of Midnight {rElec rC+ rN+
                  | Int-2 Slay+2} (747 gold, have 16).
   981 | D:2      | 981 ||| SHOPLISTING potion of heal wounds (70 gold, have
                  | 16).
   981 | D:2      | 981 ||| SHOPLISTING ring of see invisible (210 gold, have
                  | 16).
   981 | D:2      | 981 ||| SHOPLISTING scroll of identify (28 gold, have 16).
  1207 | D:2      | Reached XP level 3. HP: 19/21 MP: 7/7
  1237 | D:2      | Found Ostampu's Magic Scroll Emporium.
  1245 | D:2      | 1245 ||| BUYING scroll of identify (20 gold).
  1245 | D:2      | Bought a scroll of identify for 20 gold pieces
  1245 | D:2      | 1245 ||| SHOPLISTING scroll of identify (20 gold, have 3).
  1252 | D:2      | Reached skill level 4 in Axes
  1715 | D:2      | 1715 ||| UPGRADING to amulet of reflection.
  1720 | D:2      | 1720 ||| READING scroll labelled BULURE KAMATH.
  1721 | D:2      | 1721 ||| READING 3 scrolls of identify.
  1721 | D:2      | 1721 ||| IDENTIFYING sedimented brown potion
  1722 | D:2      | 1722 ||| READING 2 scrolls of identify.
  1722 | D:2      | 1722 ||| IDENTIFYING puce potion
  1723 | D:2      | 1723 ||| DROPPING potion of lignification.
  1829 | D:3      | 1829 ||| Stepping ~*~*~tactically~*~*~ (hiding).
  2071 | D:3      | 2071 ||| FLEEEEING.
  2072 | D:3      | 2072 ||| FLEEEEING.
  2072 | D:3      | HP: 5/21 [poisoned by an orc]
  2073 | D:3      | 2073 ||| FLEEEEING.
  2074 | D:3      | 2074 ||| FLEEEEING.
  2074 | D:3      | HP: 1/21 [poisoned by an orc]
  2075 | D:3      | 2075 ||| FLEEEEING.
  2075 | D:3      | Succumbed to an orc's poison

Levels and vault maps discovered:
D:1:      heliophobic_arrival_ceremonial_halls, layout_rooms, serial_shops,
          nicolae_shop_bloodbath_and_beyond, shop_statue,
          nicolae_shop_window_shopping, nicolae_shop_advertising_works
          [nicolae_subvault_shop_adworks], nicolae_shop_waterfront,
          hellmonk_ecumenical_altar_crossroads
D:2:      layout_basic, serial_shops, nicolae_shop_crystal, shop,
          nicolae_shop_crystal
D:3:      layout_basic, ebering_ghost_rock_garden, minmay_misc_feat_alley

Skill      XL: |  1  2  3 |
---------------+----------+-----
Axes           | 3 4 |  4.5
Fighting       | |  2.0
Throwing       | |  1.0
Armour         | |  1.1
Dodging        | |  2.1
Spellcasting   | |  2.0
Translocations | |  2.4

Action                   || total
-------------------------++-------
Melee: Hand axe          ||    56
       Peck              ||     7
       Kick              ||     8
       Punch             ||     1
Throw: Boomerang         ||     7
  Use: Scroll            ||     9
       Potion            ||     1
Armor: Leather armour    ||     4
       Scale mail        ||    10
Dodge: Dodged            ||    19

Table legend:
 A = Non-vault XP
 B = Vault XP
 C = Vault XP percentage of total XP
 D = Non-vault monster count
 E = Vault monster count
 F = Vault count percentage of total count
                 A         B        C        D         E       F
            +---------+---------+-------+---------+---------+-------
      Total |      81 |       0 |   0.0 |      36 |       0 |   0.0
            +---------+---------+-------+---------+---------+-------
        D:1 |      22 |       0 |   0.0 |      14 |       0 |   0.0
        D:2 |      28 |       0 |   0.0 |       9 |       0 |   0.0
        D:3 |      31 |       0 |   0.0 |      13 |       0 |   0.0
            +---------+---------+-------+---------+---------+-------
